 Dungeon Crawl Stone Soup version 0.28.0-43-g3370ac3207 (webtiles) character file.

Game seed: 4288223422826210534

651 terff the Conjurer (level 7, -8/48 HPs)
             Began as a Human Conjurer on Mar 25, 2022.
             Mangled by an orc warrior
             ... wielding a +0 trident
              (13 damage)
             ... while paralysed by an orc warrior
             ... on level 6 of the Dungeon.
             The game lasted 00:21:09 (6421 turns).

terff the Conjurer (Human Conjurer)                 Turns: 6421, Time: 00:21:10

Health: -8/48      AC:  2    Str:  8    XL:     7   Next: 84%
Magic:  1/14       EV:  2    Int: 20    God:
Gold:   243        SH:  0    Dex: 11    Spells: 9/15 levels left

rFire   . . .      SeeInvis .   n - +3 quarterstaff (chaos)
rCold   . . .      Faith    .   (shield currently unavailable)
rNeg    . . .      Spirit   .   a - +0 robe
rPois   .          Reflect  .   (no helmet)
rElec   .          Harm     .   (no cloak)
rCorr   .          Rampage  .   (no gloves)
Will    .....                   (no boots)
Stlth   ++........              h - amulet of regeneration
HPRegen 0.96/turn               (no ring)
MPRegen 0.14/turn               (no ring)

@: paralysed
A: no striking features
a: no special abilities


You were on level 6 of the Dungeon.
You visited 1 branch of the dungeon, and saw 6 of its levels.

You collected 243 gold pieces.

Inventory:

Hand Weapons
 b - a +0 dagger
 c - a +0 short sword
 j - a +1 dagger of holy wrath
 n - a +3 quarterstaff of chaos (weapon)
Missiles
 s - a throwing net
Armour
 a - a +0 robe (worn)
Jewellery
 h - an amulet of regeneration (around neck)
Scrolls
 f - 2 scrolls of fog
 g - a scroll of noise
 o - 2 scrolls of identify
 r - a scroll of teleportation
Potions
 d - a potion of invisibility
 e - 2 potions of haste
 i - 3 potions of lignification {unknown}
 k - a potion of curing {unknown}
 l - a potion of mutation {unknown}
 m - a potion of degeneration
 p - a potion of ambrosia
 q - a potion of heal wounds
 t - a potion of attraction {unknown}


   Skills:
 + Level 1.1 Fighting
 + Level 3.4 Dodging
 + Level 3.5 Stealth
 + Level 4.8 Spellcasting
 + Level 6.1 Conjurations


You had 9 spell levels left.
You knew the following spells:

 Your Spells              Type           Power      Damage    Failure   Level
a - Magic Dart            Conj           100%       1d8       1%          1
b - Searing Ray           Conj           58%        2d6       1%          2
c - Dazzling Flash        Conj/Hex       34%        N/A       10%         3

Your spell library contained the following spells:

 Spells                   Type           Power      Damage    Failure   Level
 Sublimation of Blood     Necr           4%         N/A       19%         2
 Wereblood                Tmut           4%         N/A       19%         2
 Fulminant Prism          Conj/Hex       8%         3d7       32%         4
 Iskenderun's Mystic Bla  Conj/Tloc      17%        2d5       32%         4
 Confusing Touch          Hex            4%         N/A       34%         3
 Yara's Violent Unravell  Hex/Tmut       2%         3d3       97%         5
 Enfeeble                 Hex            2%         N/A       100%        7
 Summon Hydra             Summ           2%         N/A       100%        7


Dungeon Overview and Level Annotations

Branches:
Dungeon (6/15)
 Temple: D:4-7

Altars:
Trog
Zin
The Shining One

Shops:
D:2 [   D:3 !

Annotations:
D:5 2 transporters, Zeld's ghost, amateur DEFE


Message History

The orc is severely wounded.
The orc warrior zaps a wand.
You resist with some effort.
The searing ray hits the orc warrior but does no damage.
The orc warrior is severely wounded.
The searing ray hits the orc!
You kill the orc!
The orc warrior closely misses you.
The searing ray misses the orc warrior.
You finish channelling your searing ray.
The orc warrior misses you.
The orc warrior hits you from afar with a +0 trident!
Unknown command.
Casting: Searing Ray (safe; 1% risk of failure)
Confirm with . or Enter, or press ? or * to list all spells.
Aiming: Searing Ray (safe; 1% risk of failure)
Press: ? - help, Shift-Dir - straight line The searing ray hits the orc warrior.
The orc warrior is almost dead.
The searing ray hits something!
Reactivating autopickup.
You feel a bit more experienced. (Press . to maintain the ray.)
The orc warrior hits you from afar with a +0 trident!
The searing ray misses the orc warrior.
The orc warrior hits you from afar with a +0 trident!
The searing ray hits the orc warrior.
The orc warrior is almost dead.
The orc warrior hits you from afar with a +0 trident!!
* * * LOW HITPOINT WARNING * * *
You feel much better. The orc warrior barely misses you.
Casting: Searing Ray (safe; 1% risk of failure)
Confirm with . or Enter, or press ? or * to list all spells.
You don't have enough magic to cast this spell.
The orc warrior hits you from afar with a +0 trident!
The orc warrior zaps a wand.
You suddenly lose the ability to move!
The orc warrior hits you from afar with a +0 trident!!
* * * LOW HITPOINT WARNING * * *
The orc warrior zaps a wand.
You shrug off the repeated paralysis!
The orc warrior hits you from afar with a +0 trident!
You die...

#. . .## ..# #.# #.# #.#
## ## #.#@# .# #. ..#.#
.# #. #.#o# .# #. #.#.#
.# #.### #.#)# .#
#...####.#)# .#
#......(...#### .#
#.............#
.#######.#####..###>....


You could see an orc warrior.

Vanquished Creatures
  A scorpion (D:5)
  A water moccasin zombie (D:5)
  A vampire bat (D:5)
  2 hounds
  Crazy Yiuf (D:3)
  An orc priest (D:3)
  A centaur skeleton (D:5)
  Natasha (D:2)
  Terence (D:3)
  3 orc wizards
  2 adders
  2 worms
  2 dart slugs (D:1)
  3 fire bats (D:5)
  16 orcs
  2 spectral bats (D:5)
  3 bat skeletons (D:5)
  A bat zombie (D:5)
  8 endoplasms
  5 giant cockroaches
  7 goblins
  4 hobgoblins
  2 quokkas
  11 ball pythons
  16 bats
  A bat simulacrum (D:5)
  3 frilled lizards (D:1)
  10 kobolds
  7 rats
118 creatures vanquished.

Notes
Turn   | Place    | Note
-------+----------+-------------------------------------------
     0 | D:1      | terff the Human Conjurer began the quest for the Orb.
     0 | D:1      | Reached XP level 1. HP: 13/13 MP: 3/3
   264 | D:1      | Reached XP level 2. HP: 15/19 MP: 0/5
   540 | D:1      | Learned a level 2 spell: Searing Ray
   672 | D:1      | Reached XP level 3. HP: 24/24 MP: 2/6
  1089 | D:1      | You fall into a shaft and drop 1 floor!
  1216 | D:1      | Found a faded altar of an unknown god.
  2133 | D:2      | Reached XP level 4. HP: 29/30 MP: 4/7
  2226 | D:2      | Noticed Natasha
  2231 | D:2      | Killed Natasha
  2842 | D:2      | Found Uplu's Antique Armour Emporium.
  2983 | D:3      | Reached XP level 5. HP: 22/35 MP: 3/9
  3269 | D:3      | Found a glowing silver altar of Zin.
  3698 | D:3      | Found Faerael's Distillery.
  3700 | D:3      | Noticed Terence
  3709 | D:3      | Killed Terence
  3710 | D:3      | Reached skill level 5 in Conjurations
  3847 | D:3      | Reached XP level 6. HP: 36/42 MP: 2/11
  3988 | D:3      | Found a runed translucent door.
  3989 | D:3      | Noticed Crazy Yiuf
  3996 | D:3      | Killed Crazy Yiuf
  4932 | D:5      | Entered Level 5 of the Dungeon
  5179 | D:5      | Learned a level 3 spell: Dazzling Flash
  5211 | D:5      | Found a bloodstained altar of Trog.
  5214 | D:5      | Found a glowing golden altar of the Shining One.
  5249 | D:5      | Reached XP level 7. HP: 25/47 MP: 6/13
  5879 | D:5      | Reached skill level 1 in Fighting
  5879 | D:5      | Reached skill level 6 in Conjurations
  5925 | D:5      | Noticed Zeld's ghost (amateur DEFE)
  6010 | D:5      | Found a transporter.
  6013 | D:5      | Found a transporter.
  6398 | D:6      | Paralysed by an orc warrior for 4 turns
  6414 | D:6      | HP: 1/48 [orc warrior/+0 trident (18)]
  6417 | D:6      | Paralysed by an orc warrior for 6 turns
  6421 | D:6      | Mangled by an orc warrior

Illustrated notes

Levels and vault maps discovered:
D:1:      elethiomel_arrival_maze, layout_loops_ring,
          hellmonk_ecumenical_altar_inner_sanctum, hangedman_decor_points,
          minmay_octomino_j4
D:2:      layout_loops_corners, serial_shops, shop, grunt_ministairs_8,
          uniq_natasha
D:3:      layout_rooms, mainiacjoe_overflow_chevrons, serial_shops,
          nicolae_shop_advertising_works [nicolae_subvault_shop_adworks],
          minmay_misc_feat_iff, minmay_misc_feat_more_columns,
          uniq_crazy_yiuf_cottage, uniq_terence
D:4:      layout_loops_ring
D:5:      layout_loops_ring, mainiacjoe_overflow_catwalk_spiral,
          gammafunk_ghost_hive, goddamned_bats
D:6:      wander_guarded_unrand_ratskin, layout_loops_ring,
          minmay_temple_entry_nine_rooms, nicolae_elevator_lobby_plus

Skill      XL: |  1  2  3  4  5  6  7 |
---------------+----------------------+-----
Spellcasting   | 3 4 |  4.8
Conjurations   | 5 6 |  6.1
Stealth        | 3 |  3.5
Dodging        | 3 |  3.4
Fighting       | 1 |  1.1

Action                   |  1- 3 |  4- 6 |  7- 9 || total
-------------------------+-------+-------+-------++-------
Melee: Dagger            |       |     2 |       ||     2
 Cast: Magic Dart        |    72 |    96 |    29 ||   197
       Searing Ray       |       |    14 |    12 ||    26
  Use: Scroll            |     3 |     8 |     2 ||    13
       Potion            |       |       |     1 ||     1
Armor: Robe              |    20 |     2 |    21 ||    43
Dodge: Dodged            |    49 |    16 |    39 ||   104
